 Dungeon Crawl Stone Soup version 0.31-a0-150-g89dc3ad700 (webtiles) character file.

Game seed: 15507471404997783515

225 qw the Shooter (level 6, -2/38 HPs)
             Began as a Gargoyle Hunter on June 8, 2023.
             Slain by an ogre
             ... wielding a +0 giant club
              (8 damage)
             ... on level 4 of the Dungeon.
             The game lasted 00:01:05 (2820 turns).

qw the Shooter (Gargoyle Hunter)                    Turns: 2820, Time: 00:01:06

Health: -2/38      AC:  9    Str: 15    XL:     6   Next: 1%
Magic:  6/6        EV: 11    Int:  9    God:
Gold:   82         SH:  0    Dex: 15    Spells: 5/5 levels left

rFire   . . .        Y - +0 shortbow
rCold   . . .        (shield currently unavailable)
rNeg    + . .        g - +0 ring mail
rPois   inf          (no helmet)
rElec   +            (no cloak)
rCorr   .            (no gloves)
SInv    .            (no boots)
Will    .....        (no amulet)
Stlth   +            (no ring)
HPRegen 0.26/turn    (no ring)
MPRegen 0.10/turn

%: no passive effects
@: no status effects
A: sickness immunity, AC +4, negative energy resistance 1, electricity
resistance, torment resistance 1, petrification resistance
a: no special abilities


You were on level 4 of the Dungeon.
You visited 1 branch of the dungeon, and saw 4 of its levels.

You collected 162 gold pieces.
You spent 80 gold pieces at shops.


Innate Abilities, Weirdness & Mutations

You are immune to sickness and miasma.
Your stone body is resilient. (AC +4)
You are immune to poison.
You resist negative energy. (rN+)
You are resistant to electric shocks. (rElec)
You are resistant to unholy torment.
You are immune to petrification.


   Skills:
 - Level 4.2 Fighting
 + Level 6.0 Ranged Weapons
 - Level 1.2 Armour
 - Level 1.5 Dodging
 - Level 1.1 Stealth


You had 5 spell levels left.
You didn't know any spells.
Your spell library was empty.

Inventory:

Hand Weapons
 Y - a +0 shortbow (weapon)
Armour
 g - a +0 ring mail (worn)
Scrolls
 d - 2 scrolls of identify
Potions
 a - 2 potions of mutation
 c - a potion of cancellation {unknown}
 h - a potion of might {unknown}
 i - a potion of heal wounds {unknown}

Dungeon Overview and Level Annotations

Branches:
Dungeon (4/15)
 Temple: D:4-7

Altars:
Ashenzari
Vehumet
The Shining One

Shops:
D:3 *


Message History

The iguana completely misses you.
You shoot an arrow. The arrow closely misses the iguana.
The iguana completely misses you.
You shoot an arrow. The arrow closely misses the iguana.
The iguana closely misses you.
You shoot an arrow. The arrow hits the iguana.
You kill the iguana!
Your Fighting skill increases to level 4!
You have reached level 6!
Found a spear.
Enter note: You see here a +0 spear.
An ogre comes into view. It is wielding a +0 giant club.
The ogre shouts!
Enter note: You shoot an arrow.
The arrow hits the ogre.
The ogre is moderately wounded.
You shoot an arrow.
The arrow hits the ogre but does no damage.
The ogre is lightly wounded.
You shoot an arrow. The arrow barely misses the ogre.
The ogre hits you with a +0 giant club!
You shoot an arrow. The arrow barely misses the ogre.
The ogre closely misses you.
You shoot an arrow.
The arrow hits the ogre but does no damage.
The ogre is lightly wounded.
You shoot an arrow. The arrow hits the ogre!
The ogre is heavily wounded.
The ogre closely misses you.
You shoot an arrow. The arrow barely misses the ogre.
The ogre barely misses you.
You shoot an arrow. The arrow barely misses the ogre.
The ogre hits you with a +0 giant club!!
Ouch! That really hurt!
You shoot an arrow.
The arrow hits the ogre but does no damage.
The ogre is heavily wounded.
The ogre hits you with a +0 giant club!
You die...

... #.# ... #.# .# .#
# #.# ##.##. #. #.# .#
..... #.##O##.#
##...## #...@...#
#.....# ###...###
#.....# ##.#.#.#
#.....# #.##.##.#
#.....########.....###
.....................+
#.....###.#####...####
##.#..# #.# ##.##
###..# #.# .#


You could see an ogre.

Vanquished Creatures
  2 hounds (D:4)
  An iguana (D:4)
  6 adders
  4 worms (D:2)
  5 orcs
  4 endoplasms
  3 giant cockroaches
  7 goblins
  5 hobgoblins
  4 jackals (D:1)
  3 kobolds
  4 quokkas (D:2)
  4 ball pythons (D:1)
  5 bats
  4 frilled lizards
  7 rats
68 creatures vanquished.

Notes
Turn   | Place    | Note
-------+----------+-------------------------------------------
     0 | D:1      | qw the Gargoyle Hunter began the quest for the Orb.
     0 | D:1      | Reached XP level 1. HP: 12/12 MP: 1/1
     0 | D:1      | 0 ||| qw: Version: 0.2-a-119-g7aa9181
     0 | D:1      | 0 ||| qw: Game counter: 2854
     0 | D:1      | 0 ||| qw: Always use a shield: true
     0 | D:1      | 0 ||| qw: God list: Okawaru
     0 | D:1      | 0 ||| qw: Allow faded altars: false
     0 | D:1      | 0 ||| qw: Do Orc after D:15 true
     0 | D:1      | 0 ||| qw: Do second Lair branch before Depths: true
     0 | D:1      | 0 ||| qw: Lair rune preference: random
     0 | D:1      | 0 ||| qw: Plans: Normal
     0 | D:1      | 0 ||| PLANNING D:1-11
   276 | D:1      | Reached XP level 2. HP: 17/17 MP: 2/2
   553 | D:1      | Reached XP level 3. HP: 21/21 MP: 3/3
   754 | D:1      | Reached skill level 5 in Ranged Weapons
   897 | D:1      | 897 ||| UPGRADING to +0 ring mail.
   907 | D:1      | 907 ||| DROPPING +0 leather armour.
   908 | D:1      | 908 ||| READING scroll labelled USOTOU KOKHI.
   913 | D:1      | 913 ||| READING scroll labelled LOGOETTATHRU.
   914 | D:1      | 914 ||| DRINKING 2 smoky grey potions.
   915 | D:1      | 915 ||| DROPPING scroll of butterflies.
   916 | D:1      | 916 ||| DROPPING potion of attraction.
  1010 | D:2      | Reached skill level 1 in Armour
  1071 | D:2      | Found a glowing golden altar of the Shining One.
  1208 | D:2      | Reached XP level 4. HP: 21/27 MP: 4/4
  1258 | D:2      | Reached skill level 3 in Fighting
  1474 | D:2      | 1474 ||| READING scroll labelled BIUSHA JIAR.
  1475 | D:2      | 1475 ||| READING scroll labelled MERUMU HARRIRA.
  1476 | D:2      | 1476 ||| READING scroll labelled KUDICZ HEOKK.
  1477 | D:2      | 1477 ||| READING scroll labelled JEZ JOEHIUNIU.
  1536 | D:3      | Found Viohaumm's General Store.
  1544 | D:3      | 1544 ||| BUYING potion of mutation (80 gold).
  1544 | D:3      | Bought a potion of mutation for 80 gold pieces
  1544 | D:3      | 1544 ||| SHOPLISTING scroll of identify (20 gold, have 6).
  1735 | D:3      | 1735 ||| READING scroll labelled SOAZESS ODDA.
  1836 | D:3      | 1836 ||| READING scroll labelled ISIWOYMOBU.
  1844 | D:3      | 1844 ||| STAIRDANCE
  2312 | D:3      | Found a broken altar of Ashenzari.
  2502 | D:3      | Reached XP level 5. HP: 32/32 MP: 5/5
  2596 | D:3      | 2596 ||| READING scroll labelled SAESCH UZAAXKE.
  2624 | D:4      | Found a radiant altar of Vehumet.
  2697 | D:4      | Reached skill level 6 in Ranged Weapons
  2791 | D:4      | Reached XP level 6. HP: 38/38 MP: 6/6
  2819 | D:4      | HP: 6/38 [ogre/+0 giant club (27)]
  2820 | D:4      | Slain by an ogre

Levels and vault maps discovered:
D:1:      amcnicky_arrival_single_pillar, layout_basic, serial_bayou_pond_d,
          minmay_fountain_box
D:2:      layout_basic, basic_altar, st_stairs_5,
          chequers_serial_rivers_micro_c, hangedman_decor_riveting
D:3:      layout_basic, ashenzari_altar_1, serial_shops, shop,
          nicolae_kite_square_tiling_tiny
D:4:      layout_loops_corners, dancing_weapons_uskayaw, elyvilon_altar_1,
          vehumet_crystals

Skill      XL: |  1  2  3  4  5 |
---------------+----------------+-----
Ranged Weapons | 5 6 |  6.0
Armour         | 1 |  1.2
Fighting       | 3 4 |  4.2
Dodging        | |  1.5
Stealth        | |  1.1

Action                     |  1- 3 |  4- 6 || total
---------------------------+-------+-------++-------
   Fire: Shortbow          |   131 |   162 ||   293
    Use: Scroll            |     2 |     7 ||     9
         Potion            |     1 |       ||     1
 Armour: Leather armour    |    15 |       ||    15
         Ring mail         |     9 |    34 ||    43
  Dodge: Dodged            |    22 |    52 ||    74

Table legend:
 A = Non-vault XP
 B = Vault XP
 C = Vault XP percentage of total XP
 D = Non-vault monster count
 E = Vault monster count
 F = Vault count percentage of total count
                 A         B        C        D         E       F
            +---------+---------+-------+---------+---------+-------
      Total |     318 |       4 |   1.2 |      65 |       3 |   4.4
            +---------+---------+-------+---------+---------+-------
        D:1 |      40 |       0 |   0.0 |      23 |       0 |   0.0
        D:2 |     102 |       4 |   3.8 |      25 |       3 |  10.7
        D:3 |      30 |       0 |   0.0 |       9 |       0 |   0.0
        D:4 |     146 |       0 |   0.0 |       8 |       0 |   0.0
            +---------+---------+-------+---------+---------+-------
